Map: Imperio eterno EE

Players

MrFercho

  • Race: Zerg Zerg
  • League: Gold
  • Spawn Location: 7:00

deShii - Winner!

  • Race: Zerg Zerg
  • League: Platinum
  • Spawn Location: 1:00

VOD

Have the link to the VOD?

Description

Time

  • Played on: Aug. 18, 2020, 11 p.m.
  • Length: 11:55
Show
View Real Time Build Order
Export as new Build Order

MrFercho Zerg 

Build Orders: Hatch First, Roach Hydra 

Get SALT Encoding   

  12  0:00  Drone  
  13  0:14  Overlord  
  13  0:17  Drone  
  14  0:33  Drone x2  
  16  0:37  Drone  
  17  0:54  Hatchery  
  17  0:57  Drone  
  17  0:59  Drone  
  18  1:11  Extractor  
  18  1:15  Spawning Pool  
  16  1:23  Drone x2  
  18  1:30  Drone  
  19  1:46  Drone  
  20  1:57  Overlord  
  20  2:02  Overlord  
  20  2:08  Queen x2  
  20  2:10  Zergling x2  
  20  2:13  Zergling x2  
  26  2:16  Metabolic Boost  
  26  2:28  Drone x2  
  28  2:31  Drone  
  29  2:40  Drone x2  
  31  2:47  Drone  
  31  2:49  Overlord  
  32  2:58  Overlord  
  32  3:05  Drone  
  33  3:13  Evolution Chamber  
  33  3:18  Queen  
  34  3:22  Drone x2  
  34  3:23  Drone x4  
  40  3:35  Lair  
  40  3:39  Zergling x6  
  43  3:48  Drone  
  44  3:54  Zerg Melee Weapons Level 1  
  44  3:58  Drone x2  
  44  4:00  Zergling x2  
  44  4:01  Roach Warren  
  46  4:12  Drone  
  46  4:13  Drone x4  
  51  4:17  Extractor  
  51  4:19  Extractor  
  44  4:50  Pneumatized Carapace  
  44  4:54  Roach x4  
  44  4:55  Glial Reconstitution  
  44  4:56  Overlord  
  44  4:57  Overlord  
  52  5:14  Hatchery  
  51  5:23  Drone x4  
  51  5:24  Drone  
  51  5:27  Overlord  
  56  5:32  Roach x3  
  61  5:52  Evolution Chamber  
  60  6:01  Drone x2  
  60  6:02  Hydralisk Den  
  61  6:09  Drone  
  61  6:10  Drone x6  
  68  6:25  Zerg Ground Armor Level 1, Zerg Missile Weapons Level 1  
  61  6:43  Roach x7  
  61  6:46  Drone  
  76  6:51  Muscular Augments  
  76  6:58  Extractor  
  75  7:01  Hatchery  
  75  7:03  Hatchery  
  75  7:04  Lurker Den  
  72  7:25  Queen  
  74  7:35  Overseer  
  74  7:41  Zergling x2  
  74  7:42  Zergling x14  
  82  7:47  Overlord x3  
  82  8:02  Grooved Spines  
  95  8:05  Roach x7  
  95  8:06  Roach x5  
  96  8:23  Zergling x10, Roach  
  93  8:39  Hydralisk x9  
  87  9:05  Lurker  
  83  9:28  Hatchery  
  83  9:30  Hatchery  
  79  9:43  Hatchery  
  79  9:45  Roach Warren  
  49  9:53  Hydralisk  
  49  9:56  Zergling x2  
  49  9:57  Zergling x18  
  53  10:21  Hydralisk  
  53  10:22  Hydralisk  
  57  10:51  Drone x7, Infestation Pit  
  63  11:13  Lurker  
Show
View Real Time Build Order
Export as new Build Order

deShii Zerg - Winner!

Build Orders: Hatch First 

Get SALT Encoding   

  12  0:00  Drone  
  13  0:08  Drone  
  14  0:15  Extractor  
  14  0:16  Drone  
  15  0:22  Overlord  
  15  0:40  Drone x2  
  17  0:55  Hatchery  
  16  1:10  Spawning Pool  
  15  1:12  Drone  
  15  1:17  Drone  
  17  1:20  Drone  
  17  1:24  Drone  
  19  1:34  Drone  
  19  1:36  Extractor  
  19  1:45  Drone  
  20  1:55  Drone  
  21  2:06  Queen x2  
  21  2:07  Overlord  
  26  2:08  Drone  
  26  2:17  Drone x2  
  28  2:27  Drone  
  28  2:28  Drone  
  30  2:34  Evolution Chamber  
  29  2:38  Drone  
  29  2:39  Drone  
  31  2:57  Drone  
  31  2:58  Drone  
  33  3:01  Drone x2  
  33  3:05  Roach Warren  
  34  3:10  Overlord  
  34  3:11  Overlord  
  34  3:14  Lair  
  34  3:22  Overlord  
  34  3:23  Overlord  
  34  3:28  Spine Crawler  
  34  3:30  Spine Crawler  
  34  3:34  Drone x4  
  33  3:35  Drone  
  37  3:46  Drone, Zerg Missile Weapons Level 1  
  37  3:47  Drone  
  39  3:51  Drone x2  
  41  3:56  Drone  
  41  3:57  Spine Crawler, Drone x2  
  41  4:02  Queen  
  45  4:06  Extractor, Drone x2  
  46  4:15  Evolution Chamber  
  46  4:16  Drone  
  46  4:17  Drone  
  44  4:32  Roach x3  
  44  4:36  Drone x2  
  52  4:47  Roach  
  54  4:56  Extractor  
  54  4:59  Extractor  
  52  5:04  Overlord x2, Roach  
  52  5:05  Overlord  
  54  5:12  Roach x2  
  54  5:13  Hatchery, Roach  
  59  5:26  Drone x2  
  59  5:27  Drone  
  62  5:31  Hydralisk Den  
  62  5:33  Drone x3  
  62  5:35  Drone x2  
  66  5:36  Drone x2  
  68  5:50  Roach x2  
  68  5:55  Glial Reconstitution  
  72  5:59  Zerg Ground Armor Level 1  
  72  6:03  Drone  
  72  6:04  Drone x3  
  76  6:05  Drone  
  77  6:14  Zerg Missile Weapons Level 2  
  77  6:25  Roach  
  79  6:28  Roach  
  77  6:32  Roach  
  77  6:33  Roach x4  
  79  6:41  Drone  
  79  6:42  Overlord x3  
  76  6:54  Roach x6  
  76  6:55  Roach  
  76  7:00  Extractor  
  89  7:03  Queen  
  89  7:06  Roach x2  
  89  7:07  Roach  
  97  7:13  Roach  
  97  7:14  Roach x4, Infestation Pit  
  106  7:22  Roach x4  
  114  7:34  Overlord x4  
  114  7:48  Hatchery  
  113  7:54  Roach x4  
  113  7:55  Roach x3  
  126  8:11  Roach  
  126  8:12  Roach x3  
  123  8:31  Roach x2  
  119  8:45  Hatchery  
  92  8:56  Roach x6  
  94  9:09  Hydralisk  
  92  9:10  Hydralisk  
  84  9:21  Roach x2  
  88  9:41  Roach x7  
  94  9:50  Roach  
  96  9:53  Drone  
  96  9:54  Drone  
  98  10:04  Hatchery  
  99  10:07  Roach x3  
  99  10:12  Hatchery  
  92  10:18  Overseer  
  92  10:27  Drone  
  92  10:28  Drone x9  
  102  10:32  Roach x2  
  106  10:36  Hydralisk  
  106  10:39  Hive  
  106  10:41  Muscular Augments  
  108  10:50  Roach  
  108  10:51  Roach x3  
  116  11:01  Hydralisk  
  116  11:02  Hydralisk x3  
  124  11:34  Roach x12  
Tags
 
Composition
Roach Hydra
Matchup
ZvZ
Race
Zerg
Replay Pack
MrFercho
Spawn Locations
Cross Positions
Add a new tag
Caveats
  • Supply blocks, unpowered buildings, or Contaminate may cause inaccurate times.
  • Supply counts are checked every 10 seconds.